 Dungeon Crawl Stone Soup version 0.32-a0-913-g739538afd8 (webtiles) character file.

Game seed: 8531740953410792764

2384 ezpacito the Chopper (level 9, -3/57 (68) HPs)
             Began as a Coglin Chaos Knight on Apr 9, 2024.
             Was a Plaything of Xom.
             Slain by a sun demon (13 damage)
             ... summoned by Xom
             ... on level 6 of the Dungeon.
             The game lasted 00:08:35 (5590 turns).

ezpacito the Chopper (Coglin Chaos Knight)          Turns: 5590, Time: 00:08:35

HP:   -3/57 (68)    AC: 17    Str: 21    XL:     9   Next: 45%
MP:   12/12         EV:  7    Int: 11    God:    Xom [..*...]
Gold: 259           SH:  0    Dex: 18    Spells: 3/13 levels left

rFire   . . .        m - +8 hammer of the Wilderness {freeze, rPois Str+3 Dex+2}
rCold   . . .        r - +5 hammer "Saxaso" {venom, Fly Dex+3}
rNeg    . . .        L - +0 plate armour
rPois   +            (helmet restricted)
rElec   .            u - +0 cloak
rCorr   .            w - +0 pair of gloves
SInv    .            K - +0 pair of boots
Will    .....        (amulet unavailable) Stlth
                     (ring unavailable)
HPRegen 1.09/turn    (ring unavailable)
MPRegen 0.13/turn    (no gizmo)

%: no passive effects
@: about to teleport, flying, heavily drained, invisible, revving
A: off-hand wielding, slow wielding, warmup strikes, no jewellery, horns 1,
iridescent scales 1, regeneration 1
a: Invent Gizmo, Renounce Religion


You were on level 6 of the Dungeon.
You worshipped Xom.
You were a toy of Xom.
You visited 1 branch of the dungeon, and saw 6 of its levels.
You also visited: Sewer.

You collected 259 gold pieces.

Inventory:

Hand Weapons
 a - a +0 hand axe of chaos {Carlos}
 f - a +2 sling of draining
 m - the +8 hammer of the Wilderness (weapon) {freeze, rPois Str+3 Dex+2}
   (You found it on level 3 of the Dungeon)

   Str+3:     It affects your strength (+3).
   Dex+2:     It affects your dexterity (+2).
   rPois:     It protects you from poison.
 r - the +5 hammer "Saxaso" (offhand) {venom, Fly Dex+3}
   (You found it on level 3 of the Dungeon)

   Dex+3:     It affects your dexterity (+3).
   Fly:       It grants you flight.
 I - a +0 war axe
Missiles
 b - a throwing net
 e - 11 poisoned darts (quivered)
 q - 15 boomerangs
 D - a curare-tipped dart
Armour
 u - a +0 cloak (worn)
 w - a +0 pair of gloves (worn)
 K - a +0 pair of boots (worn)
 L - a +0 plate armour (worn)
Talismans
 J - a beast talisman
Wands
 g - a wand of paralysis (7)
 i - a wand of light (12)
 G - a wand of mindburst (16)
 H - a wand of warping (12)
Scrolls
 d - a scroll of noise
 o - a scroll of fear {unknown}
 p - a scroll of immolation
 s - 2 scrolls of enchant weapon {unknown}
 v - a scroll of silence {unknown}
 y - a scroll of enchant armour {unknown}
 A - a scroll of brand weapon {unknown}
 B - 4 scrolls of revelation {unknown}
 F - 2 scrolls of amnesia {unknown}
Potions
 h - 2 potions of haste
 j - a potion of enlightenment
 k - a potion of magic
 l - a potion of attraction {unknown}
 n - a potion of might {unknown}
 x - 4 potions of brilliance
 z - a potion of heal wounds {unknown}
 C - a potion of invisibility
 E - a potion of cancellation {unknown}


   Skills:
 * Level 5.6 Fighting
 * Level 5.6(6.3) Axes
 * Level 3.9(5.1) Polearms
 * Level 4.5 Armour
 * Level 4.4 Dodging
 + Level 2.9 Stealth
 + Level 0.6 Unarmed Combat
 + Level 2.5 Spellcasting
 + Level 0.8 Summonings
 + Level 2.4 Necromancy
 + Level 3.1 Evocations


You had 3 spell levels left.
You knew the following spells:

 Your Spells              Type           Power      Damage    Failure   Level
a - Necrotise             Necr           24%        1d5       94%         1
b - Martyr's Knell        Necr/Summ      4%         N/A       100%        4
c - Call Imp              Summ           6%         N/A       100%        2
x - Vampiric Draining     Necr           6%         2d6       100%        3

Your spell library contained the following spells:

 Spells                   Type           Power      Damage    Failure   Level
 Sublimation of Blood     Necr           6%         N/A       98%         2
 Sting                    Conj/Alch      4%         1d3       100%        1
 Mercury Vapours          Alch/Air       2%         N/A       100%        2
 Cause Fear               Hex            0%         N/A       100%        4
 Olgreb's Toxic Radiance  Alch           1%         N/A       100%        4
 Curse of Agony           Necr           6%         N/A       100%        5
 Fireball                 Conj/Fire      0%         3d3       100%        5
 Summon Hydra             Summ           1%         N/A       100%        7
 Dragon's Call            Summ           1%         N/A       100%        9


Dungeon Overview and Level Annotations

Branches:
Dungeon (6/15)              Sewer (visited)
 Temple: D:4-7

Altars:
Kikubaaqudgha
Trog


Innate Abilities, Weirdness & Mutations

You can wield a second weapon in your off-hand.
It takes a long time for you to wield or remove held weapons.
Your first few attacks do less damage.
You cannot equip rings or amulets.
You have a pair of small horns on your head.
You are partially covered in iridescent scales. (AC +2)
Your natural rate of healing is unusually fast.


Message History

Found an escape hatch in the floor.
No target in view!
An adder comes into view.
The adder hisses angrily.
An adder is nearby!
You hit the adder with the +8 hammer of the Wilderness.
You freeze the adder. Your headbutt misses the adder.
The adder is severely wounded.
You hit the adder with the +5 hammer "Saxaso".
You kill the adder!
No target in view!
No target in view!
No target in view!
No target in view!
No target in view!
No target in view!
No target in view!
No target in view!
There is an escape hatch in the floor here.
You hear Xom's maniacal laughter.
You are now a toy of Xom.
There are monsters nearby!
You hit the chaos spawn with the +8 hammer of the Wilderness.
You freeze the chaos spawn. You headbutt the chaos spawn.
The chaos spawn is moderately wounded.
You closely miss the chaos spawn with the +5 hammer "Saxaso".
The iron imp hits you but does no damage.
You closely miss the sun demon with the +8 hammer of the Wilderness.
You headbutt the sun demon, but do no damage.
You closely miss the sun demon with the +5 hammer "Saxaso".
The sun demon hits you!
You are engulfed in flames!
You take 26 damage, and have 31/57 hp.
MASSIVE DAMAGE!!
As you read the scroll of teleportation, it crumbles to dust.
You feel strangely unstable. The iron imp hits you.
The sun demon hits you but does no damage.
You take 2 damage, and have 29/57 hp.
You fade into invisibility!
The iron imp barely misses you. The sun demon hits you!!
* * * LOW HITPOINT WARNING * * *
You are engulfed in flames!
You die...

##### ##...## #.....###
...##########.......####
#...55@34........#.....
#############...#######
##.## #.# #.# #.# #.#
### #.# #.. #.## #..


You could see a sun demon (summoned, unable to see you), a chaos spawn
(summoned, unable to see you), an iron imp (summoned, unable to see you) and a
white imp (summoned, unable to see you).

Vanquished Creatures
  Grinder (D:3)
  Duvessa (D:4)
  A crocodile (Sewer)
  2 ogres
  7 phantoms (D:4)
  2 kobold brigands (Sewer)
  A bullfrog (D:6)
  A scorpion (D:4)
  2 wights (D:6)
  Dowan (D:4)
  2 water moccasin skeletons (D:4)
  A bombardier beetle (D:4)
  A centaur zombie (D:4)
  A jelly (D:5)
  2 bullfrog skeletons (D:4)
  2 orc priests
  Crazy Yiuf (D:3)
  2 hounds
  3 iguanas
  3 scorpion zombies (D:4)
  Ijyb (D:3)
  A hound zombie (D:4)
  A hound skeleton (D:4)
  9 adders
  7 gnolls (D:5)
  A white imp (D:5)
  An adder skeleton (D:4)
  2 dart slugs
  6 ribbon worms
  10 orcs
  4 bats
  4 endoplasms
  3 giant cockroaches
  9 goblins
  5 hobgoblins
  6 jackals (D:5)
  3 quokkas
  11 ball pythons
  2 frilled lizards
  15 kobolds
  A quokka zombie (D:4)
  8 rats
147 creatures vanquished.

Vanquished Creatures (others)
  A goblin zombie (D:2)
1 creature vanquished.

Grand Total: 148 creatures vanquished

Notes
Turn   | Place    | Note
-------+----------+-------------------------------------------
     0 | D:1      | ezpacito the Coglin Chaos Knight began the quest for the
                  | Orb.
     0 | D:1      | Reached XP level 1. HP: 18/18 MP: 1/1
    58 | D:1      | XOM: divination: detect items
    87 | D:1      | Reached skill level 1 in Dodging
   153 | D:1      | Reached XP level 2. HP: 24/24 MP: 2/2
   470 | D:1      | XOM: silly message
   746 | D:1      | XOM: give mutations
   746 | D:1      | Gained mutation: You are robust. (+10% HP) [Xom's mischief]
   746 | D:1      | Gained mutation: Armour fits poorly on your strangely
                  | shaped body. [Xom's mischief]
   746 | D:1      | Gained mutation: You are partially covered in iridescent
                  | scales. (AC +2) [Xom's mischief]
   833 | D:1      | XOM: give mutations
   833 | D:1      | Gained mutation: Your mind is acute. (Int +4, Str/Dex -1)
                  | [Xom's grace]
   833 | D:1      | Gained mutation: You are strong-willed. (Will+) [Xom's
                  | grace]
   833 | D:1      | Gained mutation: Your spells are a little harder to cast,
                  | but a little more powerful. [Xom's grace]
   833 | D:1      | Gained mutation: You are highly strong-willed. (Will++)
                  | [Xom's grace]
   851 | D:2      | Reached XP level 3. HP: 26/31 MP: 3/3
  1084 | D:2      | Reached XP level 4. HP: 32/38 MP: 4/4
  1584 | D:3      | Noticed Grinder
  1584 | D:3      | XOM: fog
  1598 | D:3      | Killed Grinder
  1599 | D:3      | Reached skill level 1 in Polearms
  1599 | D:3      | Reached skill level 1 in Stealth
  1599 | D:3      | Reached skill level 1 in Spellcasting
  1599 | D:3      | Reached XP level 5. HP: 39/46 MP: 4/6
  1599 | D:3      | Reached XP level 6. HP: 44/52 MP: 4/7
  1681 | D:3      | Noticed Ijyb
  1690 | D:3      | XOM: confusion (+ monsters)
  1701 | D:3      | Killed Ijyb
  1782 | D:3      | XOM: stat loss: -1 Dex (11/12)
  1803 | D:3      | Found a runed translucent door.
  1806 | D:3      | Identified the +8 hammer of the Wilderness {freeze, rPois
                  | Str+3 Dex+2}
  1815 | D:3      | Identified the +4 hammer of Gewop {pain, Int+3}
  1816 | D:3      | Identified the +5 hammer "Saxaso" {venom, Fly Dex+3}
  1839 | D:3      | Noticed Crazy Yiuf
  1848 | D:3      | Killed Crazy Yiuf
  1857 | D:3      | Found a glowing drain.
  1889 | Sewer    | Entered a sewer
  2093 | Sewer    | Reached XP level 7. HP: 43/59 MP: 8/8
  2165 | Sewer    | Reached skill level 1 in Evocations
  2909 | D:4      | XOM: blink monster(s)
  2916 | D:4      | Reached skill level 1 in Necromancy
  2922 | D:4      | Reached XP level 8. HP: 62/67 MP: 10/10
  2966 | D:4      | XOM: confusion
  3441 | D:4      | XOM: noise
  3445 | D:4      | Reached skill level 5 in Axes
  3448 | D:4      | Noticed Dowan
  3450 | D:4      | Noticed Duvessa
  3456 | D:4      | XOM: confusion
  3459 | D:4      | Killed Duvessa
  3460 | D:4      | Reached skill level 5 in Fighting
  3463 | D:4      | XOM: give mutations
  3463 | D:4      | Gained mutation: Your skin changes colour to match your
                  | surroundings (Stealth+). [Xom's mischief]
  3463 | D:4      | Gained mutation: Your flesh is cold resistant. (rC+) [Xom's
                  | mischief]
  3463 | D:4      | Lost mutation: You are highly strong-willed. (Will++)
                  | [Xom's mischief]
  3466 | D:4      | Killed Dowan
  3482 | D:4      | XOM: summons 3 hostile shadow creatures
  3854 | D:4      | XOM: swap monsters
  3865 | D:4      | Reached XP level 9. HP: 59/74 MP: 12/12
  3870 | D:4      | XOM: give mutations
  3870 | D:4      | Lost mutation: You are strong-willed. (Will+) [Xom's
                  | mischief]
  3870 | D:4      | Lost mutation: Your spells are a little harder to cast, but
                  | a little more powerful. [Xom's mischief]
  4072 | D:4      | Lost mutation: You are robust. (+10% HP) [potion of
                  | mutation]
  4072 | D:4      | Lost mutation: Your flesh is cold resistant. (rC+) [potion
                  | of mutation]
  4072 | D:4      | Lost mutation: Your mind is acute. (Int +4, Str/Dex -1)
                  | [potion of mutation]
  4072 | D:4      | Gained mutation: You have a pair of small horns on your
                  | head. [potion of mutation]
  4073 | D:4      | Lost mutation: You are partially covered in iridescent
                  | scales. (AC +2) [potion of mutation]
  4073 | D:4      | Lost mutation: Armour fits poorly on your strangely shaped
                  | body. [potion of mutation]
  4073 | D:4      | Lost mutation: Your skin changes colour to match your
                  | surroundings (Stealth+). [potion of mutation]
  4073 | D:4      | Gained mutation: You are partially covered in iridescent
                  | scales. (AC +2) [potion of mutation]
  4073 | D:4      | Gained mutation: Your natural rate of healing is unusually
                  | fast. [potion of mutation]
  4381 | D:5      | Entered Level 5 of the Dungeon
  4394 | D:5      | Found an ancient bone altar of Kikubaaqudgha.
  4400 | D:5      | Learned a level 1 spell: Necrotise
  4404 | D:5      | Learned a level 3 spell: Vampiric Draining
  4409 | D:5      | Learned a level 4 spell: Martyr's Knell
  4412 | D:5      | Learned a level 2 spell: Call Imp
  4664 | D:5      | XOM: cloud trail
  4702 | D:5      | XOM: torment (35/68 hp)
  4794 | D:5      | Found a bloodstained altar of Trog.
  5403 | D:6      | XOM: draining
  5410 | D:6      | XOM: 2-stop teleportation journey
  5586 | D:6      | XOM: summons 4 hostile demons
  5587 | D:6      | Noticed a sun demon
  5590 | D:6      | Slain by a sun demon

Illustrated notes

Levels and vault maps discovered:
D:1:      pf_arrival_petrified_forest, layout_basic, serial_forest,
          infiniplex_forest_end_1, infiniplex_forest_lined_3,
          infiniplex_forest_lined_2, infiniplex_forest_clump_small,
          infiniplex_forest_clump_double, infiniplex_forest_clump_medium,
          chequers_arboretum
D:2:      layout_basic
D:3:      layout_loops_ring, mainiacjoe_sewer_entry_somewhere_in_here_1,
          kennysheep_crisscross, dreamdust_princess_bridge,
          uniq_crazy_yiuf_cottage, uniq_ijyb, uniq_grinder
D:4:      layout_layer_cave, serial_undead, serial_undead_a, serial_undead_f,
          serial_undead_a, serial_undead_c, serial_undead_a, serial_undead_d,
          small_statue_intersection, patterned_corridor, uniq_duvessa
D:5:      layout_cave_pods, mainiacjoe_overflow_chevrons,
          mainiacjoe_overflow_small_starburst
D:6:      kennysheep_windowed_halls, layout_loops_cross,
          nemelex_diamond_rough_becter, nicolae_tso_carved_into_rock

Skill      XL: |  1  2  3  4  5  6  7  8  9 |
---------------+----------------------------+-----
Dodging        | 1 2 3 4 |  4.4
Armour         | 2 3 4 |  4.5
Polearms       | 1 2 3 |  3.9
Stealth        | 1 2 |  2.9
Spellcasting   | 1 2 |  2.5
Fighting       | 4 5 |  5.6
Axes           | 4 5 |  5.6
Evocations     | 1 2 3 |  3.1
Necromancy     | 1 2 |  2.4
Unarmed Combat | |  0.6
Summonings     | |  0.8

Action                     |  1- 3 |  4- 6 |  7- 9 || total
---------------------------+-------+-------+-------++-------
  Melee: Hand axe          |    56 |    78 |       ||   134
         Dagger            |    16 |       |       ||    16
         Spear             |    40 |    82 |       ||   122
         Mace              |       |    21 |   288 ||   309
         Headbutt          |       |       |    17 ||    17
    Use: Scroll            |       |     4 |     5 ||     9
         Potion            |       |     1 |     6 ||     7
   Stab: Sleeping          |     1 |     2 |     3 ||     6
         Confused          |       |     1 |       ||     1
 Armour: Leather armour    |    36 |    78 |   123 ||   237
         Chain mail        |       |       |    15 ||    15
         Plate armour      |       |       |     8 ||     8
  Dodge: Dodged            |    23 |    27 |   128 ||   178

Table legend: (Time is in decaauts)
 A = Elapsed time spent in this place.
 B = Non-inter-level travel time spent in this place.
 C = Inter-level travel time spent in this place.
 D = Time resting spent in this place.
 E = Time spent auto-exploring this place.
 F = Levels seen in this place.
 G = Mean time per level.
                   A        B        C        D        E       F      G
               +--------+--------+--------+--------+--------+-----+--------+
         Total |   5635 |   5393 |    242 |     25 |   4305 |   7 |  805.0 |
       Dungeon |   5165 |   4923 |    242 |     25 |   4001 |   6 |  860.8 |
         Sewer |    470 |    470 |      0 |      0 |    304 |   1 |  470.0 |
               +--------+--------+--------+--------+--------+-----+--------+

Top non-repeatable levels by time:
     D:4: 1491 daAuts
     D:5: 899 daAuts
     D:3: 869 daAuts
     D:1: 845 daAuts
     D:2: 736 daAuts
   Sewer: 470 daAuts
     D:6: 322 daAuts
